 Dungeon Crawl Stone Soup version 0.30.1-6-gbe392663c4 (webtiles) character file.

Game seed: 7856060998835826811

179 Kurtz the Chopper (level 5, -1/32 HPs)
             Began as a Tengu Fighter on Sept 20, 2023.
             Slain by an orc wizard
             ... wielding a +0 dagger
              (3 damage)
             ... on level 4 of the Dungeon.
             The game lasted 00:00:54 (1278 turns).

Kurtz the Chopper (Tengu Fighter)                   Turns: 1278, Time: 00:00:55

Health: -1/32      AC:  6    Str: 19    XL:     5   Next: 59%
Magic:  6/6        EV:  9    Int:  8    God:
Gold:   106        SH:  9    Dex: 13    Spells: 4/4 levels left

rFire   . . .        a - +0 war axe
rCold   . . .        e - +0 kite shield
rNeg    . . .        b - +0 scale mail
rPois   .            (helmet restricted)
rElec   .            (no cloak)
rCorr   .            (no gloves)
SInv    .            (boots unavailable)
Will    .....        (no amulet) Stlth
                     (no ring)
HPRegen 0.25/turn    (no ring)
MPRegen 0.10/turn

%: no passive effects
@: flying quickly and evasively, quick
A: beak, talons 3, nimble flight
a: no special abilities


You were on level 4 of the Dungeon.
You visited 1 branch of the dungeon, and saw 4 of its levels.

You collected 106 gold pieces.

Inventory:

Hand Weapons
 a - a +0 war axe (weapon)
Armour
 b - a +0 scale mail (worn)
 c - a +0 buckler
 e - a +0 kite shield (worn)
Jewellery
 g - a +6 ring of intelligence
 i - a ring of willpower
 m - an amulet of the acrobat
Wands
 h - a wand of flame (20)
Scrolls
 f - 2 scrolls of teleportation {unknown}
 j - a scroll of immolation {unknown}
 k - a scroll of blinking {unknown}
 l - 2 scrolls of identify {unknown}
 n - a scroll of torment {unknown}
Potions
 d - a potion of might


   Skills:
 - Level 3.0 Fighting
 * Level 5.2 Axes
 - Level 3.2 Armour
 * Level 4.1 Shields


You had 4 spell levels left.
You didn't know any spells.
Your spell library contained the following spells:

 Spells                   Type           Power      Damage    Failure   Level
 Sting                    Tmut/Pois      0%         1d3       97%         1
 Poisonous Vapours        Pois/Air       0%         N/A       99%         2
 Olgreb's Toxic Radiance  Pois           0%         N/A       100%        4


Dungeon Overview and Level Annotations

Branches:
Dungeon (4/15)
 Temple: D:4-7

Altars:
Nemelex Xobeh

Shops:
D:3 *   D:4 *


Innate Abilities, Weirdness & Mutations

You have a beak for a mouth.
You have claws for feet.
Your magical nature lets you fly swiftly and evasively.


Message History

An orc is nearby!
You barely miss something. Your peck misses something.
Something hits you but does no damage. x2
An orc is nearby!
You miss something. You peck something. Something hits you but does no damage.
An orc is nearby!
You hit something but do no damage. Something hits you but does no damage.
Something hits you.
An orc is nearby!
You miss something. Something hits you but does no damage.
Unknown command.
You closely miss something. Your kick misses something.
Your peck misses something.
You hear some strange, mumbled words.
A magic dart appears from out of thin air!
The magic dart hits you but does no damage.
You barely miss something. Your kick misses something. Something hits you. x2
You slash something! Your kick misses something.
You hear some strange, mumbled words.
A magic dart appears from out of thin air!
The magic dart hits you!
You miss something. Your kick misses something. Your peck misses something.
You hear some strange, mumbled words.
A magic dart appears from out of thin air!
The magic dart hits you.
You closely miss something.
You hear some strange, mumbled words.
A magic dart appears from out of thin air!
The magic dart hits you. You block something's attack.
You barely miss something. Your kick misses something.
Your peck misses something.
You hear some strange, mumbled words.
A puff of flame appears from out of thin air!
The puff of flame hits you!
* * * LOW HITPOINT WARNING * * *
You are too injured to fight recklessly!
You miss something. Your peck misses something. Something hits you.
* * * LOW HITPOINT WARNING * * *
Something hits you.
You die...

#### #o. #{#
####@######
#...........
#.###.#####.
#.# .# #.#
.. #.# .##
#.# .# #.#
.# #.. ..
#.# #.###.#.


You could see an orc.

Vanquished Creatures
  A centaur (D:4)
  An orc priest (D:3)
  An adder (D:3)
  2 worms (D:3)
  10 orcs
  3 ball pythons
  4 endoplasms
  2 goblins (D:3)
  3 hobgoblins
  4 kobolds
  2 quokkas (D:2)
  6 bats
  A frilled lizard (D:2)
  A rat (D:3)
41 creatures vanquished.

Notes
Turn   | Place    | Note
-------+----------+-------------------------------------------
     0 | D:1      | Kurtz the Tengu Fighter began the quest for the Orb.
     0 | D:1      | Reached XP level 1. HP: 14/14 MP: 2/2
    68 | D:2      | Reached skill level 3 in Axes
    68 | D:2      | Reached XP level 2. HP: 16/19 MP: 3/3
   212 | D:2      | Found a faded altar of an unknown god.
   666 | D:3      | Reached XP level 3. HP: 23/23 MP: 4/4
   675 | D:3      | Found Nokh's Assorted Antiques.
   694 | D:3      | Reached skill level 4 in Axes
   694 | D:3      | Reached XP level 4. HP: 26/28 MP: 5/5
  1056 | D:3      | Found a sparkling altar of Nemelex Xobeh.
  1103 | D:4      | Noticed a centaur
  1112 | D:4      | Killed a centaur
  1113 | D:4      | Reached skill level 5 in Axes
  1113 | D:4      | Gained mutation: Your magical nature lets you fly swiftly
                  | and evasively. [Tengu growth]
  1113 | D:4      | Reached XP level 5. HP: 22/32 MP: 6/6
  1168 | D:4      | Found Vefugyov's Assorted Antiques.
  1278 | D:4      | Slain by an orc wizard

Illustrated notes

Levels and vault maps discovered:
D:1:      dpeg_arrival_castle, layout_rooms, serial_corexii_hall,
          corexii_hall_statues_t, corexii_hall_statues_deadend,
          corexii_hall_statues_l, corexii_hall_statues_deadend,
          corexii_hall_statues_i, chequers_hall_statues_wall_a
D:2:      layout_basic, shapermc_ecumenical_altar_venn
D:3:      layout_rooms, mainiacjoe_overflow_brackets, serial_shops, shop_statue
D:4:      layout_basic, serial_shops, shop, uniq_crazy_yiuf_cottage

Skill      XL: |  1  2  3  4 |
---------------+-------------+-----
Axes           | 3 4 5 |  5.2
Shields        | 4 |  4.1
Fighting       | |  3.0
Armour         | |  3.2

Action                     |  1- 3 |  4- 6 || total
---------------------------+-------+-------++-------
  Melee: War axe           |    40 |    53 ||    93
         Kick              |     9 |     8 ||    17
         Peck              |     5 |     8 ||    13
 Armour: Scale mail        |    21 |    31 ||    52
  Dodge: Dodged            |    18 |    26 ||    44
  Block: Buckler           |     6 |       ||     6
         Kite shield       |    20 |    24 ||    44
